 Dungeon Crawl Stone Soup version 0.30-a0-170-g85af917532 (webtiles) character file.

Game seed: 13188417139089724946

23009 qw the Cleaver (level 13, 0/80 HPs)
             Began as a Gargoyle Fighter on Sept 30, 2022.
             Was a High Priest of Okawaru.
             Slain by a cane toad (16 damage)
             ... on level 5 of the Lair of Beasts.
             The game lasted 00:05:26 (14560 turns).

qw the Cleaver (Gargoyle Fighter)                  Turns: 14560, Time: 00:05:27

Health: 0/80       AC: 35    Str: 25    XL:     13   Next: 3%
Magic:  18/20      EV: 11    Int:  7    God:    Okawaru [*****.]
Gold:   874        SH: 18    Dex: 13    Spells: 12/12 levels left

rFire   . . .      SeeInvis .    Y - +2 war axe (protect)
rCold   + . .      Faith    .    A - +5 kite shield of Recklessness {rPois rN+ Int-2 Dex+4}
rNeg    + + .      Spirit   .    n - +0 chain mail
rPois   inf        Reflect  .    r - +1 helmet
rElec   +          Harm     .    i - +0 cloak
rCorr   .          Rampage  .    (no gloves)
Will    +....                    k - +0 pair of boots
Stlth   ..........               (no amulet)
HPRegen 0.23/turn                g - ring of willpower
MPRegen 0.17/turn                w - ring of protection from cold

@: about to teleport, heroic, under a protective aura
A: sickness immunity, AC +9, negative energy resistance 1, electricity
resistance, torment resistance 1, petrification resistance
a: Renounce Religion, Heroism, Finesse, Duel


You were on level 5 of the Lair of Beasts.
You worshipped Okawaru.
Okawaru was extremely pleased with you.
You visited 3 branches of the dungeon, and saw 14 of its levels.
You also visited: Ossuary.

You collected 874 gold pieces.


Innate Abilities, Weirdness & Mutations

You are immune to sickness and miasma.
Your stone body is resilient. (AC +9)
You are immune to poison.
You resist negative energy. (rN+)
You are resistant to electric shocks. (rElec)
You are resistant to unholy torment.
You are immune to petrification.


   Skills:
 + Level 9.3(14.3) Fighting
 - Level 12.0(17.0) Axes
 - Level 2.6(7.6) Throwing
 - Level 8.1(13.1) Armour
 - Level 3.0(8.0) Dodging
 - Level 10.7(15.7) Shields
 - Level 10.0 Invocations


You had 12 spell levels left.
You didn't know any spells.
Your spell library was empty.

Inventory:

Hand Weapons
 c - a +0 demon whip of venom
 Y - a +2 war axe of protection (weapon)
Missiles
 m - 5 boomerangs (quivered)
Armour
 i - a +0 cloak (worn)
 k - a +0 pair of boots (worn)
 n - a +0 chain mail (worn)
 r - a +1 helmet (worn)
 v - +0 acid dragon scales
 A - the +5 kite shield of Recklessness (worn) {rPois rN+ Int-2 Dex+4}
   (Okawaru gifted it to you on level 1 of the Lair of Beasts)

   Int:       It affects your intelligence (-2).
   Dex:       It affects your dexterity (+4).
   rPois:     It protects you from poison.
   rN:        It protects you from negative energy.
Jewellery
 g - a ring of willpower (left hand)
 l - a ring of positive energy
 w - a ring of protection from cold (right hand)
 z - the ring "Otid" {Ice *Corrode rN++ Str+8 Dex-4}
   (You found it on level 7 of the Dungeon)

   [ring of ice]

   It enhances your ice magic.
   Str:       It affects your strength (+8).
   Dex:       It affects your dexterity (-4).
   rF:        It makes you vulnerable to fire.
   rC:        It protects you from cold.
   rN:        It greatly protects you from negative energy.
   *Corrode:  It may corrode you when you take damage.
Scrolls
 j - 5 scrolls of identify
 p - a scroll of teleportation
Potions
 a - 3 potions of haste
 b - 4 potions of attraction
 d - 2 potions of might
 f - 7 potions of curing
 h - 2 potions of heal wounds
 o - 2 potions of resistance
 q - a potion of lignification
 s - 2 potions of cancellation

Dungeon Overview and Level Annotations

Branches:
Dungeon (8/15)             Temple (1/1) D:5            Lair (5/5) D:8
 Shoals (0/4) Lair:3        Snake (0/4) Lair:2      Ossuary (visited)
  Slime: Lair:4-5

Altars:
Ashenzari
Cheibriados
Dithmenos
Elyvilon
Gozag
Kikubaaqudgha
Makhleb
Nemelex Xobeh
Okawaru
Qazlal
Ru
Sif Muna
Uskayaw
Xom
Yredelemnul
The Shining One

Shops:
D:7 (

Annotations:
D:3 4 runed translucent doors, Crazy Yiuf; qw's ghost, amateur GrFi


Message History

You kill the cane toad!
Okawaru accepts your kill.
You hit the cane toad.
The cane toad stings you but does no damage.
The vampire mosquito bites you but does no damage.
You hit the cane toad.
The cane toad is heavily wounded.
You miss the vampire mosquito.
The vampire mosquito closely misses you.
You hit the cane toad but do no damage.
The cane toad is heavily wounded.
You barely miss the vampire mosquito.
The vampire mosquito bites you but does no damage. x2
You block the cane toad's attack.
You hit the cane toad.
The cane toad is severely wounded.
You closely miss the vampire mosquito. You barely miss the cane toad.
You block the vampire mosquito's attack.
You block the cane toad's attack.
You slash the cane toad!
The cane toad is almost dead.
You slash the vampire mosquito! You slash the cane toad!
You feel like a meek peon again. The vampire mosquito barely misses you.
The cane toad barely misses you. You block the cane toad's attack.
14559 ||| INVOKING Heroism.
You gain the combat prowess of a mighty hero.
You block the vampire mosquito's attack.
The cane toad completely misses you. The vampire mosquito bites you.
You block the cane toad's attack.
A bullfrog comes into view.
The cane toad stings you.
14560 ||| READING 2 scrolls of teleportation.
As you read the scroll of teleportation, it crumbles to dust.
You feel strangely unstable. The vampire mosquito barely misses you.
The cane toad stings you but does no damage.
The vampire mosquito bites you but does no damage.
The cane toad stings you!
You die...

. ...
....F#########..#
......y@........#
......FF%.!.....P#
..................
.....#########...#
....# ..# .... .#
#.. # ..


You could see 2 cane toads, a vampire mosquito and a bullfrog.

Vanquished Creatures
  A catoblepas (Lair:1)
  2 hydras
  A boulder beetle (Lair:5)
  Nergalle (Lair:1)
  Amaemon (Lair:2)
  Pikel (D:8)
  A lindwurm (Lair:5)
  10 elephants
  4 black mambas
  An orange demon (Lair:2)
  11 cane toads
  4 komodo dragons
  A merfolk (Lair:3)
  A troll (D:8)
  A polar bear (Lair:3)
  A hornet (D:8)
  6 blink frogs
  Sigmund (D:2)
  4 wyverns
  3 basilisks
  14 yaks
  2 nagas (Lair:2)
  An acid dragon (D:8)
  Duvessa (D:6)
  2 sky beasts
  9 water moccasins
  An orc warrior (D:7)
  An ogre (D:4)
  A centaur (D:5)
  3 lemures (D:8)
  2 phantoms
  Blork the orc (D:6)
  A kobold brigand (D:7)
  9 bullfrogs
  4 scorpions
  A necrophage (D:8)
  2 wights (D:8)
  Dowan (D:6)
  5 killer bees (D:7)
  4 electric eels
  5 lava snakes (Lair:2)
  5 hounds
  3 orc priests
  A gnoll bouda (D:6)
  5 iguanas
  Natasha (twice) (D:2)
  2 orc wizards
  2 mummies
  9 gnolls
  7 adders
  2 shadow imps (D:7)
  3 white imps
  An ufetubus (D:6)
  2 worms
  23 orcs
  3 spectral bats (Ossuary)
  4 ball pythons
  6 endoplasms
  4 giant cockroaches
  12 gnoll zombies (Ossuary)
  7 hobgoblins
  5 jackals
  13 kobolds
  7 quokkas
  5 bats
  2 bat simulacra (Ossuary)
  3 frilled lizards
  8 goblins
  4 goblin simulacra (Ossuary)
  5 goblin zombies (Ossuary)
  2 hobgoblin zombies (Ossuary)
  5 kobold simulacra (Ossuary)
  5 kobold zombies
  8 orc zombies (Ossuary)
  5 rats
  A rat simulacrum (Ossuary)
  A spectral goblin (Ossuary)
  5 spectral kobolds (Ossuary)
  3 spectral rats (Ossuary)
316 creatures vanquished.

Vanquished Creatures (others)
  2 wights (D:8)
  10 fungi
  54 plants
66 creatures vanquished.

Grand Total: 382 creatures vanquished

Notes
Turn   | Place    | Note
-------+----------+-------------------------------------------
     0 | D:1      | qw the Gargoyle Fighter began the quest for the Orb.
     0 | D:1      | Reached XP level 1. HP: 14/14 MP: 1/1
     0 | D:1      | 0 ||| qw: Version: 0.2-a-13-gfc7b4b4
     0 | D:1      | 0 ||| qw: Game counter: 1679
     0 | D:1      | 0 ||| qw: Always use a shield: true
     0 | D:1      | 0 ||| qw: God list: Okawaru
     0 | D:1      | 0 ||| qw: Allow faded altars: false
     0 | D:1      | 0 ||| qw: Do Orc after D:15 true
     0 | D:1      | 0 ||| qw: Do second Lair branch before Depths: true
     0 | D:1      | 0 ||| qw: Lair rune preference: random
     0 | D:1      | 0 ||| qw: Plans: Normal, Zot:1-4, God:TSO, Crypt, Tomb,
                  | Pan, Slime:5, Hells, Abyss, Orb
     0 | D:1      | 0 ||| PLANNING D:1-11
   274 | D:1      | Reached skill level 2 in Axes
   374 | D:1      | Found a faded altar of an unknown god.
   433 | D:1      | 433 ||| Stepping ~*~*~tactically~*~*~ (stealth).
   434 | D:1      | 434 ||| Stepping ~*~*~tactically~*~*~ (stealth).
   441 | D:1      | Reached XP level 2. HP: 17/19 MP: 2/2
   465 | D:1      | 465 ||| Stepping ~*~*~tactically~*~*~ (stealth).
   509 | D:1      | 509 ||| Stepping ~*~*~tactically~*~*~ (stealth).
   510 | D:1      | 510 ||| Stepping ~*~*~tactically~*~*~ (stealth).
   526 | D:1      | 526 ||| Stepping ~*~*~tactically~*~*~ (stealth).
   991 | D:1      | 991 ||| Stepping ~*~*~tactically~*~*~ (stealth).
  1004 | D:1      | Reached skill level 3 in Axes
  1044 | D:1      | Reached XP level 3. HP: 23/23 MP: 3/3
  1167 | D:1      | 1167 ||| Stepping ~*~*~tactically~*~*~ (stealth).
  1168 | D:1      | 1168 ||| Stepping ~*~*~tactically~*~*~ (stealth).
  1338 | D:1      | 1338 ||| READING scroll labelled EDUKEG QE KER.
  1367 | D:2      | 1367 ||| STAIRDANCE
  1385 | D:2      | Noticed Sigmund
  1386 | D:2      | 1386 ||| Stepping ~*~*~tactically~*~*~ (hiding).
  1387 | D:2      | 1387 ||| Stepping ~*~*~tactically~*~*~ (hiding).
  1396 | D:2      | Killed Sigmund
  1397 | D:2      | Reached skill level 5 in Axes
  1397 | D:2      | Reached XP level 4. HP: 13/28 MP: 4/4
  1397 | D:2      | Reached XP level 5. HP: 14/32 MP: 5/5
  1681 | D:2      | Noticed Natasha
  1682 | D:2      | 1682 ||| Stepping ~*~*~tactically~*~*~ (hiding).
  1691 | D:2      | Killed Natasha
  1692 | D:2      | Reached XP level 6. HP: 24/38 MP: 6/6
  1885 | D:2      | 1885 ||| DROPPING +0 club.
  2490 | D:2      | Noticed Natasha
  2500 | D:2      | Killed Natasha
  2501 | D:2      | Reached skill level 1 in Dodging
  2637 | D:2      | 2637 ||| DROPPING amulet of magic regeneration.
  2638 | D:2      | 2638 ||| READING scroll labelled XAEWNA XIAKEPH.
  2639 | D:2      | 2639 ||| READING scroll labelled HAIWAB CINYIZ.
  2640 | D:2      | 2640 ||| READING scroll labelled TASKO GERE.
  2756 | D:3      | Found a runed translucent gate.
  2756 | D:3      | Found a runed translucent gate.
  2765 | D:3      | Found a runed translucent gate.
  2765 | D:3      | Noticed qw's ghost (amateur GrFi)
  2830 | D:3      | 2830 ||| Stepping ~*~*~tactically~*~*~ (stealth).
  2894 | D:3      | 2894 ||| DROPPING +0 mace.
  2962 | D:3      | 2962 ||| Stepping ~*~*~tactically~*~*~ (stealth).
  2963 | D:3      | 2963 ||| Stepping ~*~*~tactically~*~*~ (stealth).
  2978 | D:3      | Reached skill level 6 in Axes
  2997 | D:3      | 2997 ||| Stepping ~*~*~tactically~*~*~ (stealth).
  3017 | D:3      | 3017 ||| Stepping ~*~*~tactically~*~*~ (stealth).
  3043 | D:3      | 3043 ||| Stepping ~*~*~tactically~*~*~ (stealth).
  3045 | D:3      | 3045 ||| Stepping ~*~*~tactically~*~*~ (stealth).
  3047 | D:3      | 3047 ||| Stepping ~*~*~tactically~*~*~ (stealth).
  3059 | D:3      | HP: 5/38 [gnoll/+0 trident (5)]
  3080 | D:3      | 3080 ||| FLEEEEING.
  3398 | D:3      | Found a glowing golden altar of the Shining One.
  3453 | D:3      | Reached XP level 7. HP: 42/43 MP: 7/7
  3469 | D:3      | Found a burning altar of Makhleb.
  3528 | D:3      | Found a runed translucent door.
  3529 | D:3      | Noticed Crazy Yiuf
  3621 | D:3      | 3621 ||| READING scroll labelled PAXTAT WERA.
  3622 | D:3      | 3622 ||| READING 2 scrolls labelled ASI SEET YROXT.
  3638 | D:4      | 3638 ||| PLANNING OSSUARY
  3705 | D:4      | 3705 ||| Stepping ~*~*~tactically~*~*~ (stealth).
  3706 | D:4      | 3706 ||| Stepping ~*~*~tactically~*~*~ (stealth).
  3902 | D:4      | Reached skill level 7 in Axes
  3944 | D:4      | Found a sand-covered staircase.
  3950 | D:4      | 3950 ||| UPGRADING to +0 pair of boots.
  3955 | D:4      | 3955 ||| UPGRADING to +0 chain mail.
  3965 | D:4      | 3965 ||| DROPPING +0 scale mail.
  3966 | D:4      | 3966 ||| DRINKING 2 puce potions.
  3967 | D:4      | 3967 ||| READING 2 scrolls of identify.
  3967 | D:4      | 3967 ||| IDENTIFYING sedimented ruby potion
  3968 | D:4      | 3968 ||| DROPPING potion of ambrosia.
  3972 | Ossuary  | Entered an ossuary
  3980 | Ossuary  | 3980 ||| Stepping ~*~*~tactically~*~*~ (stealth).
  4010 | Ossuary  | 4010 ||| Stepping ~*~*~tactically~*~*~ (stealth).
  4516 | Ossuary  | 4516 ||| RIP SEWER
  4516 | Ossuary  | 4516 ||| READING scroll labelled XABIES VATO.
  4517 | Ossuary  | 4517 ||| READING scroll labelled NYTAWK ITHAPP.
  4518 | Ossuary  | 4518 ||| DRINKING 2 red potions.
  4519 | Ossuary  | 4519 ||| DRINKING 2 blue potions.
  4520 | Ossuary  | 4520 ||| DROPPING potion of flight.
  4545 | D:4      | 4545 ||| RIP SEWER
  4546 | D:4      | 4546 ||| PLANNING D:1-11
  4649 | D:4      | 4649 ||| Stepping ~*~*~tactically~*~*~ (stealth).
  4650 | D:4      | 4650 ||| Stepping ~*~*~tactically~*~*~ (stealth).
  4658 | D:4      | Reached skill level 1 in Throwing
  4658 | D:4      | Reached XP level 8. HP: 31/49 MP: 8/8
  5017 | D:5      | Entered Level 5 of the Dungeon
  5094 | D:5      | Found a staircase to the Ecumenical Temple.
  5095 | D:5      | 5095 ||| PLANNING TEMPLE
  5104 | Temple   | Entered the Ecumenical Temple
  5106 | Temple   | 5106 ||| PLANNING OKAWARU WORSHIP
  5155 | Temple   | Became a worshipper of Warmaster Okawaru
  5156 | Temple   | 5156 ||| PLANNING D:1-11
  5203 | D:5      | 5203 ||| Stepping ~*~*~tactically~*~*~ (hiding).
  5498 | D:5      | Reached skill level 8 in Axes
  5587 | D:5      | 5587 ||| Stepping ~*~*~tactically~*~*~ (hiding).
  5735 | D:5      | Found a shadowy altar of Dithmenos.
  6114 | D:5      | 6114 ||| UPGRADING to ring of willpower.
  6115 | D:5      | 6115 ||| READING scroll labelled REULERCHI UVUNI.
  6216 | D:5      | 6216 ||| READING scroll labelled XOCWIU MIEJI.
  6217 | D:5      | 6217 ||| DRINKING 2 bubbling golden potions.
  6218 | D:5      | 6218 ||| READING 2 scrolls of identify.
  6218 | D:5      | 6218 ||| IDENTIFYING sapphire potion
  6219 | D:5      | 6219 ||| DROPPING potion of invisibility.
  6295 | D:6      | Noticed Duvessa
  6297 | D:6      | Noticed Dowan
  6315 | D:6      | Killed Duvessa
  6316 | D:6      | Reached skill level 6 in Fighting
  6326 | D:6      | Killed Dowan
  6490 | D:6      | Reached * piety under Okawaru
  6597 | D:6      | Reached skill level 1 in Invocations
  6624 | D:6      | Noticed Blork the orc
  6625 | D:6      | 6625 ||| Stepping ~*~*~tactically~*~*~ (stealth).
  6631 | D:6      | 6631 ||| INVOKING Heroism.
  6641 | D:6      | Killed Blork the orc
  6681 | D:6      | Reached XP level 9. HP: 53/56 MP: 10/10
  7065 | D:6      | Found a stormy altar of Qazlal.
  7101 | D:6      | Reached skill level 3 in Invocations
  7105 | D:6      | 7105 ||| READING scroll of enchant weapon.
  7105 | D:6      | 7105 ||| ENCHANTING +1 war axe of protection.
  7331 | D:6      | 7331 ||| UPGRADING to +0 cloak.
  7336 | D:6      | 7336 ||| UPGRADING to +0 helmet.
  7341 | D:6      | 7341 ||| DRINKING 2 dark potions.
  7342 | D:6      | 7342 ||| DRINKING 2 emerald potions.
  7343 | D:6      | 7343 ||| READING 3 scrolls of identify.
  7343 | D:6      | 7343 ||| IDENTIFYING fuming blue potion
  7344 | D:6      | 7344 ||| READING 2 scrolls of identify.
  7344 | D:6      | 7344 ||| IDENTIFYING lumpy green potion
  7345 | D:6      | 7345 ||| DROPPING potion of degeneration.
  7504 | D:7      | 7504 ||| Stepping ~*~*~tactically~*~*~ (hiding).
  7505 | D:7      | 7505 ||| Stepping ~*~*~tactically~*~*~ (hiding).
  7506 | D:7      | 7506 ||| INVOKING Heroism.
  7519 | D:7      | 7519 ||| Stepping ~*~*~tactically~*~*~ (stealth).
  7521 | D:7      | 7521 ||| Stepping ~*~*~tactically~*~*~ (stealth).
  7525 | D:7      | 7525 ||| INVOKING Heroism.
  7784 | D:7      | Found Besyax's Weapon Emporium.
  7787 | D:7      | 7787 ||| SHOPLISTING +8 broad axe "Witsevat" {vorpal, rC-
                  | Will++ Dex+5} (987 gold, have 367).
  7843 | D:7      | 7843 ||| Stepping ~*~*~tactically~*~*~ (hiding).
  7847 | D:7      | 7847 ||| INVOKING Heroism.
  7901 | D:7      | 7901 ||| Stepping ~*~*~tactically~*~*~ (stealth).
  7904 | D:7      | 7904 ||| Stepping ~*~*~tactically~*~*~ (stealth).
  7962 | D:7      | 7962 ||| Stepping ~*~*~tactically~*~*~ (hiding).
  7968 | D:7      | Reached skill level 9 in Axes
  8105 | D:7      | 8105 ||| INVOKING Heroism.
  8202 | D:7      | Identified the ring "Otid" {Ice *Corrode rN++ Str+8 Dex-4}
  8330 | D:7      | 8330 ||| UPGRADING to ring of positive energy.
  8331 | D:7      | 8331 ||| READING 4 scrolls of identify.
  8331 | D:7      | 8331 ||| IDENTIFYING fuming yellow potion
  8344 | D:8      | 8344 ||| INVOKING Heroism.
  8345 | D:8      | Noticed Pikel
  8348 | D:8      | 8348 ||| Stepping ~*~*~tactically~*~*~ (hiding).
  8349 | D:8      | 8349 ||| Stepping ~*~*~tactically~*~*~ (hiding).
  8352 | D:8      | 8352 ||| Stepping ~*~*~tactically~*~*~ (hiding).
  8353 | D:8      | 8353 ||| Stepping ~*~*~tactically~*~*~ (hiding).
  8366 | D:8      | Killed Pikel
  8375 | D:8      | Reached ** piety under Okawaru
  8381 | D:8      | 8381 ||| Stepping ~*~*~tactically~*~*~ (stealth).
  8385 | D:8      | 8385 ||| INVOKING Heroism.
  8396 | D:8      | Noticed a hornet
  8406 | D:8      | 8406 ||| INVOKING Heroism.
  8415 | D:8      | Killed a hornet
  8416 | D:8      | Reached XP level 10. HP: 32/64 MP: 11/13
  8629 | D:8      | 8629 ||| Stepping ~*~*~tactically~*~*~ (stealth).
  8632 | D:8      | 8632 ||| Stepping ~*~*~tactically~*~*~ (stealth).
  8636 | D:8      | 8636 ||| INVOKING Heroism.
  8644 | D:8      | Reached skill level 10 in Axes
  8658 | D:8      | Reached *** piety under Okawaru
  8659 | D:8      | Reached skill level 6 in Armour
  8703 | D:8      | 8703 ||| INVOKING Heroism.
  8843 | D:8      | Found a shimmering altar of Xom.
  9146 | D:8      | 9146 ||| INVOKING Heroism.
  9286 | D:8      | 9286 ||| DROPPING +0 flail.
  9335 | D:8      | Found a staircase to the Lair.
  9399 | D:8      | Found a broken altar of Ashenzari.
  9445 | D:8      | 9445 ||| PLANNING LAIR
  9445 | D:8      | 9445 ||| UPGRADING to ring "Otid" {Ice *Corrode rN++ Str+8
                  | Dex-4}.
  9447 | D:8      | 9447 ||| READING scroll labelled RIYTAD BOCOA.
  9535 | Lair:1   | Entered Level 1 of the Lair of Beasts
  9564 | Lair:1   | Noticed a catoblepas
  9565 | Lair:1   | 9565 ||| INVOKING Heroism.
  9580 | Lair:1   | Killed a catoblepas
  9581 | Lair:1   | Reached skill level 11 in Axes
  9721 | Lair:1   | Noticed Nergalle
  9721 | Lair:1   | Noticed a black mamba
  9722 | Lair:1   | 9722 ||| INVOKING Heroism.
  9728 | Lair:1   | Killed a black mamba
  9728 | Lair:1   | Reached **** piety under Okawaru
  9731 | Lair:1   | Noticed a spectral orc warlord
  9733 | Lair:1   | Killed Nergalle
  9734 | Lair:1   | Reached skill level 9 in Fighting
  9734 | Lair:1   | Reached XP level 11. HP: 66/71 MP: 12/14
  9761 | Lair:1   | Identified the +2 whip "Bobient" {flame, SInv}
  9849 | Lair:1   | 9849 ||| Stepping ~*~*~tactically~*~*~ (stealth).
  9850 | Lair:1   | 9850 ||| INVOKING Heroism.
  9986 | Lair:1   | Identified the ring of Fragile Peace {Wiz Int+3}
 10000 | Lair:1   | 10000 ||| INVOKING Heroism.
 10014 | Lair:1   | Reached skill level 6 in Invocations
 10014 | Lair:1   | 10014 ||| Stepping ~*~*~tactically~*~*~ (stealth).
 10131 | Lair:1   | 10131 ||| Stepping ~*~*~tactically~*~*~ (stealth).
 10177 | Lair:1   | 10177 ||| Stepping ~*~*~tactically~*~*~ (stealth).
 10181 | Lair:1   | 10181 ||| INVOKING Heroism.
 10188 | Lair:1   | Reached ***** piety under Okawaru
 10408 | Lair:1   | 10408 ||| INVOKING Heroism.
 10417 | Lair:1   | Identified the +5 kite shield of Recklessness {rPois rN+
                  | Int-2 Dex+4} (Okawaru gifted it to you on level 1 of the
                  | Lair of Beasts)
 10417 | Lair:1   | Received a gift from Okawaru
 10568 | Lair:1   | 10568 ||| UPGRADING to +5 kite shield of Recklessness
                  | {rPois rN+ Int-2 Dex+4}.
 10578 | Lair:1   | 10578 ||| DROPPING +0 buckler.
 10579 | Lair:1   | 10579 ||| DROPPING ring of ice.
 10580 | Lair:1   | 10580 ||| UPGRADING to ring of protection from cold.
 10582 | Lair:1   | 10582 ||| DROPPING ring of Fragile Peace {Wiz Int+3}.
 10583 | Lair:1   | 10583 ||| READING scroll labelled AGYTYQOPN NESM.
 10584 | Lair:1   | 10584 ||| READING 4 scrolls of identify.
 10584 | Lair:1   | 10584 ||| IDENTIFYING sedimented orange potion
 10585 | Lair:1   | 10585 ||| DROPPING potion of brilliance.
 10693 | Lair:2   | 10693 ||| DROPPING +1 flail of holy wrath.
 10920 | Lair:2   | Found a staircase to the Snake Pit.
 10930 | Lair:2   | 10930 ||| INVOKING Heroism.
 10935 | Lair:2   | HP: 15/71 [constriction (5)]
 10936 | Lair:2   | 10936 ||| READING 3 scrolls of teleportation.
 10937 | Lair:2   | 10937 ||| DRINKING 2 potions of heal wounds.
 10942 | Lair:2   | Reached skill level 6 in Shields
 11120 | Lair:2   | You fall into a shaft and drop 1 floor!
 11140 | Lair:3   | 11140 ||| Stepping ~*~*~tactically~*~*~ (stealth).
 11142 | Lair:3   | 11142 ||| INVOKING Heroism.
 11203 | Lair:2   | 11203 ||| INVOKING Heroism.
 11277 | Lair:2   | 11277 ||| INVOKING Heroism.
 11313 | Lair:2   | 11313 ||| FLEEEEING.
 11314 | Lair:2   | 11314 ||| FLEEEEING.
 11315 | Lair:2   | 11315 ||| FLEEEEING.
 11316 | Lair:2   | 11316 ||| FLEEEEING.
 11317 | Lair:2   | 11317 ||| FLEEEEING.
 11318 | Lair:2   | 11318 ||| FLEEEEING.
 11319 | Lair:2   | 11319 ||| FLEEEEING.
 11320 | Lair:2   | 11320 ||| FLEEEEING.
 11321 | Lair:2   | 11321 ||| FLEEEEING.
 11322 | Lair:2   | 11322 ||| FLEEEEING.
 11323 | Lair:2   | 11323 ||| FLEEEEING.
 11406 | Lair:2   | 11406 ||| INVOKING Heroism.
 11526 | Lair:2   | Noticed Amaemon
 11527 | Lair:2   | 11527 ||| Stepping ~*~*~tactically~*~*~ (hiding).
 11531 | Lair:2   | 11531 ||| INVOKING Heroism.
 11543 | Lair:2   | Killed Amaemon
 11599 | Lair:2   | 11599 ||| DROPPING +0 morningstar.
 11718 | Lair:2   | 11718 ||| FLEEEEING.
 12002 | Lair:2   | 12002 ||| READING scroll labelled TETSAICZOIS.
 12003 | Lair:2   | 12003 ||| READING scroll labelled FOIQITH SICITI.
 12139 | Lair:3   | 12139 ||| INVOKING Heroism.
 12318 | Lair:3   | 12318 ||| Stepping ~*~*~tactically~*~*~ (hiding).
 12320 | Lair:3   | 12320 ||| INVOKING Heroism.
 12341 | Lair:3   | Reached XP level 12. HP: 76/76 MP: 18/18
 12346 | Lair:3   | Reached skill level 9 in Invocations
 12799 | Lair:3   | 12799 ||| INVOKING Heroism.
 12944 | Lair:3   | Found a staircase to the Shoals.
 12950 | Lair:3   | 12950 ||| INVOKING Heroism.
 12959 | Lair:3   | Reached skill level 9 in Shields
 13150 | Lair:3   | 13150 ||| INVOKING Heroism.
 13482 | Lair:4   | 13482 ||| INVOKING Heroism.
 13812 | Lair:4   | 13812 ||| READING scroll of enchant armour.
 13812 | Lair:4   | 13812 ||| ENCHANTING +0 helmet.
 13926 | Lair:4   | 13926 ||| Stepping ~*~*~tactically~*~*~ (hiding).
 14062 | Lair:4   | Noticed a four-headed hydra
 14063 | Lair:4   | 14063 ||| INVOKING Heroism.
 14064 | Lair:4   | 14064 ||| INVOKING Finesse.
 14066 | Lair:4   | 14066 ||| SWAPPING to +0 demon whip of venom.
 14071 | Lair:4   | Killed a four-headed hydra
 14072 | Lair:4   | 14072 ||| SWAPPING to +2 war axe of protection.
 14184 | Lair:4   | 14184 ||| INVOKING Heroism.
 14401 | Lair:5   | Entered Level 5 of the Lair of Beasts
 14402 | Lair:5   | 14402 ||| INVOKING Heroism.
 14403 | Lair:5   | 14403 ||| STAIRDANCE
 14435 | Lair:5   | 14435 ||| INVOKING Heroism.
 14447 | Lair:5   | Noticed a six-headed hydra
 14448 | Lair:5   | Reached skill level 12 in Axes
 14448 | Lair:5   | 14448 ||| INVOKING Finesse.
 14449 | Lair:5   | Received a gift from Okawaru
 14456 | Lair:5   | 14456 ||| SWAPPING to +0 demon whip of venom.
 14459 | Lair:5   | Reached skill level 3 in Dodging
 14474 | Lair:5   | HP: 17/76 [six-headed hydra (8)]
 14475 | Lair:5   | 14475 ||| READING 3 scrolls of teleportation.
 14476 | Lair:5   | 14476 ||| DRINKING 3 potions of heal wounds.
 14479 | Lair:5   | Killed a six-headed hydra
 14480 | Lair:5   | 14480 ||| SWAPPING to +2 war axe of protection.
 14485 | Lair:5   | Noticed a boulder beetle
 14515 | Lair:5   | Killed a boulder beetle
 14530 | Lair:5   | 14530 ||| INVOKING Heroism.
 14538 | Lair:5   | Reached XP level 13. HP: 22/80 MP: 17/20
 14559 | Lair:5   | 14559 ||| INVOKING Heroism.
 14559 | Lair:5   | HP: 20/80 [vampire mosquito (6)]
 14560 | Lair:5   | 14560 ||| READING 2 scrolls of teleportation.
 14560 | Lair:5   | Slain by a cane toad

Levels and vault maps discovered:
D:1:      nzn_arrival_settlement, layout_basic,
          dreamdust_ecumenical_altar_statues
D:2:      layout_loops_ring, chequers_mini_garden, uniq_natasha, uniq_sigmund
D:3:      minmay_diamond_boxcup, layout_rooms, overflow_temple_1_default,
          lemuel_round_altar, gammafunk_ghost_split, cheibrodos_gnoll_hut,
          uniq_crazy_yiuf_cottage
D:4:      layout_basic, portal_sewer_entry_d, nicolae_ossuary_entry_giza
D:5:      layout_cave_pods, nicolae_dithmenos_through_a_glass_darkly,
          minmay_temple_entry_large_hall
D:6:      layout_basic, nicolae_overflow_crystal_walls, uniq_blork_the_orc,
          uniq_duvessa
D:7:      layout_layer_cave, serial_shops, nicolae_shop_behind_doors
D:8:      layout_cave_pools, mainiacjoe_overflow_alcove_2, kennysheep_mini_moat,
          erik_lair_dragon, uniq_pikel
Temple:   nicolae_temple_ecumenical_triangle
Lair:1:   layout_misc_corridors, serial_bayou_shore_b, uniq_nergalle
Lair:2:   layout_gridlike, minmay_snake_entry_guardpost_small, st_stairs_12,
          nicolae_lair_liquid_snakes, uniq_amaemon
Lair:3:   layout_cave_pods, elwin_shoals_entry_rooms
Lair:4:   layout_cave_pods, serial_bayou_shore_b, infiniplex_staircase_pool_2,
          serial_bayou_shore_a
Lair:5:   minmay_lair_end_frog_pond, layout_regular_city,
          dpeg_slime_entry_enclosed, ebering_ghost_funeral_grove,
          nzn_sisyphean_effort

Skill      XL: |  1  2  3  4  5  6  7  8  9 10 11 12 |
---------------+-------------------------------------+-----
Axes           | 2 3 5 6 7 8 9 11 12 | 12.0
Fighting       | 4 5 6 7 9 |  9.3
Dodging        | 1 3 |  3.0
Throwing       | 1 2 |  2.6
Armour         | 4 5 6 7 8 |  8.1
Invocations    | 2 4 8 10 | 10.0
Shields        | 4 5 7 10 | 10.7

Action                   |  1- 3 |  4- 6 |  7- 9 | 10-12 | 13-15 || total
-------------------------+-------+-------+-------+-------+-------++-------
Melee: War axe           |   107 |   179 |   448 |   501 |    11 ||  1246
       Demon whip        |       |       |       |    24 |       ||    24
Throw: Boomerang         |       |       |    77 |    64 |     2 ||   143
Invok: Heroism           |       |       |     8 |    26 |     1 ||    35
       Finesse           |       |       |       |     2 |       ||     2
  Use: Scroll            |     1 |     3 |    12 |     8 |     1 ||    25
       Potion            |       |       |     6 |     2 |       ||     8
 Stab: Petrified         |       |       |       |     1 |       ||     1
Armor: Scale mail        |    68 |    99 |    18 |       |       ||   185
       Chain mail        |       |       |   239 |   219 |     7 ||   465
Dodge: Dodged            |    50 |    91 |   148 |   133 |     7 ||   429
Block: Buckler           |    21 |    29 |    78 |    30 |       ||   158
       Kite shield       |       |       |       |   273 |    10 ||   283

Table legend:
 A = Non-vault XP
 B = Vault XP
 C = Vault XP percentage of total XP
 D = Non-vault monster count
 E = Vault monster count
 F = Vault count percentage of total count
                 A         B        C        D         E       F
            +---------+---------+-------+---------+---------+-------
      Total |   24035 |    8836 |  26.9 |     214 |     101 |  32.1
            +---------+---------+-------+---------+---------+-------
        D:1 |      60 |       0 |   0.0 |      29 |       0 |   0.0
        D:2 |      80 |     258 |  76.3 |      15 |       2 |  11.8
        D:3 |      89 |     138 |  60.8 |      17 |      12 |  41.4
        D:4 |     597 |      33 |   5.2 |      15 |       4 |  21.1
        D:5 |     412 |       0 |   0.0 |      19 |       0 |   0.0
        D:6 |     513 |     315 |  38.0 |      11 |       3 |  21.4
        D:7 |     764 |       0 |   0.0 |      23 |       0 |   0.0
        D:8 |    2391 |    1408 |  37.1 |      21 |       5 |  19.2
     Lair:1 |    4487 |     777 |  14.8 |      14 |       1 |   6.7
     Lair:2 |    2359 |    1834 |  43.7 |      12 |      10 |  45.5
     Lair:3 |    6487 |     325 |   4.8 |      22 |       1 |   4.3
     Lair:4 |    3062 |       0 |   0.0 |       9 |       0 |   0.0
     Lair:5 |    2734 |    3657 |  57.2 |       7 |       8 |  53.3
    Ossuary |       0 |      91 | 100.0 |       0 |      55 | 100.0
            +---------+---------+-------+---------+---------+-------
